 Dungeon Crawl Stone Soup version 0.21-a0-2-ge494091 (webtiles) character file.

46 Minion the Grasshopper (level 3, 24/29 HPs)
             Began as a Gnoll Warper on May 22, 2017.
             Was a Believer of Lugonu.
             Quit the game on level 2 of the Dungeon.
             The game lasted 00:03:24 (1302 turns).

Minion the Grasshopper (Gnoll Warper)               Turns: 1302, Time: 00:03:24

Health: 24/29      AC:  3    Str: 11    XL:     3   Next: 66%
Magic:  8/8        EV: 13    Int: 13    God:    Lugonu [**....]
Gold:   46         SH:  0    Dex: 13    Spells: 8/10 levels left

rFire    . . .     SeeInvis .   a - +0 spear
rCold    . . .     Gourm    .   (no shield)
rNeg     . . .     Faith    .   b - +0 leather armour
rPois    .         Spirit   .   (no helmet)
rElec    .         Reflect  .   (no cloak)
rCorr    .         Harm     .   (no gloves)
MR       .....                  (no boots)
Stlth    +.........             (no amulet)
Regen    0.1/turn               (no ring)
MPRegen  0.2/turn               (no ring)

@: no status effects
A: short attention span, fangs 1, strong nose
a: Depart the Abyss, Bend Space, Renounce Religion


You were on level 2 of the Dungeon.
You worshipped Lugonu.
Lugonu was pleased with you.
You were hungry.

You visited 1 branch of the dungeon, and saw 2 of its levels.

You collected 46 gold pieces.

Inventory:

Hand Weapons
 a - a +0 spear (weapon)
Missiles
 e - 5 tomahawks of dispersal (quivered)
Armour
 b - a +0 leather armour (worn)
Scrolls
 d - a scroll of blinking
 g - a scroll of identify {unknown}
 i - a scroll of recharging {unknown}
 j - a scroll of teleportation {unknown}
 k - a scroll of amnesia {unknown}
 q - a scroll of remove curse {unknown}
Potions
 h - a potion of lignification {unknown}
 l - a potion of ambrosia {unknown}
Books
 c - a book of Spatial Translocations

   Spells                             Type                      Level
   a - Blink                          Translocation                2
   b - Shroud of Golubria             Charms/Translocation         2
   c - Lesser Beckoning               Translocation                3
   d - Gell's Gravitas                Translocation                3
   e - Teleport Other                 Translocation                3
   f - Passage of Golubria            Translocation                4
Comestibles
 f - a bread ration
 m - 4 royal jellies
 n - 4 fruits
 o - 2 meat rations
 p - a chunk of flesh


   Skills:
 - Level 3.2 Fighting
 + Level 4.3 Polearms
 - Level 1.7 Throwing
 - Level 1.7 Armour
 + Level 4.2 Dodging
 + Level 4.3 Spellcasting
 + Level 5.5 Translocations


You had 8 spell levels left.
You knew the following spells:

 Your Spells              Type           Power        Failure   Level  Hunger
a - Blink                 Tloc           N/A          4%          2    ##.....


Dungeon Overview and Level Annotations

Branches:
Dungeon (2/15)

Altars:
Lugonu


Innate Abilities, Weirdness & Mutations

You have a short attention span.
You have very sharp teeth.
Your uncanny sense of smell can sniff out nearby items.


Message History

Some of the chunks of flesh in your inventory have rotted away.
You hit the leopard gecko.
You kill the leopard gecko!
No target in view!
You enter the shallow water.
Moving in this stuff is going to be slow.
Why would you want to do that?
You enter the shallow water.
Moving in this stuff is going to be slow.
Why would you want to do that? Why would you want to do that?
You are feeling hungry.
There is a faded altar of an unknown god here.
You cannot tell which god this altar belongs to.
Convert to them anyway?
Lugonu accepts your prayer! Lugonu welcomes you!
You can now depart the Abyss.
You can now bend space around yourself.
Quiver which item? (- for none, * to show all) (? for menu, Esc to quit)
Okay, then.
Are you sure you want to abandon this character and quit the game? (Confirm with "yes".)

##.### #.##.##.#
......##.##.##.#
...≈..≈.≈≈...≈.#
..$≈≈≈≈.≈≈.≈≈..#
..≈.≈≈≈†≈≈≈≈≈.≈#
...≈≈≈≈≈≈≈≈≈≈≈.#
..≈.≈≈≈≈≈≈≈≈≈.≈#
...≈≈≈≈♣≈≈≈≈≈≈≈#
##.≈≈≈≈.@.≈≈≈≈.#
#.≈≈≈≈≈.≈≈≈≈≈≈≈#
...≈≈≈≈≈≈≈≈≈≈..#
##.≈≈≈≈≈≈≈≈≈≈.≈#
.≈≈≈≈≈≈≈≈≈≈≈≈.#
....≈.≈...≈≈.≈#
.≈..≈...≈≈.≈≈.#
......#########
####


There were no monsters in sight!

Vanquished Creatures
  An adder (D:2)
  3 leopard geckos
  A ball python (D:2)
  2 giant cockroaches
  3 goblins (D:1)
  5 hobgoblins (D:1)
  2 jackals (D:1)
  4 kobolds (D:1)
  A quokka (D:2)
  5 bats
  2 frilled lizards (D:1)
29 creatures vanquished.

Notes
Turn   | Place    | Note
-------+----------+-------------------------------------------
     0 | D:1      | Minion the Gnoll Warper began the quest for the Orb.
     0 | D:1      | Reached XP level 1. HP: 18/18 MP: 5/5
     2 | D:1      | Noticed a minotaur
     3 | D:1      | Noticed a centaur
     5 | D:1      | Noticed a formicid
     5 | D:1      | Noticed a vine stalker
     7 | D:1      | Noticed a dwarf
     7 | D:1      | Noticed a tengu
     9 | D:1      | Noticed a demigod
    11 | D:1      | Noticed a merfolk
    11 | D:1      | Noticed a ghoul
    13 | D:1      | Noticed a spriggan
    15 | D:1      | Noticed a troll
    15 | D:1      | Noticed an ogre
    17 | D:1      | Noticed a vampire
    17 | D:1      | Noticed a demonspawn
    19 | D:1      | Noticed a draconian
    21 | D:1      | Noticed a human
    21 | D:1      | Noticed an elf
    23 | D:1      | Noticed an octopode
    23 | D:1      | Noticed a naga
    25 | D:1      | Noticed a gargoyle
    27 | D:1      | Noticed a halfling
    27 | D:1      | Noticed a felid
   353 | D:1      | Reached XP level 2. HP: 20/24 MP: 6/6
   376 | D:1      | Learned a level 2 spell: Blink
   459 | D:1      | Reached skill level 5 in Translocations
   866 | D:1      | Reached XP level 3. HP: 29/29 MP: 8/8
  1272 | D:2      | Found a faded altar of an unknown god.
  1301 | D:2      | Became a worshipper of Lugonu the Unformed
  1301 | D:2      | Reached * piety under Lugonu
  1301 | D:2      | Reached ** piety under Lugonu
  1302 | D:2      | Quit the game

Vault maps used:
D:1:      kb_arrival_jail
D:2:      lemuel_doored_altar, chequers_ecumenical_altar_island

Skill      XL: |  1  2  3 |
---------------+----------+-----
Polearms       | 4 |  4.3
Translocations | 5 |  5.5
Spellcasting   | 4 |  4.3
Dodging        | 4 |  4.2
Fighting       | |  3.2
Throwing       | |  1.7
Armour         | |  1.7

Action                   || total
-------------------------++-------
Melee: Spear             ||   176
       Bite              ||     7
  Eat: Chunk             ||     1
Armor: Leather armour    ||    39
Dodge: Dodged            ||   133
